 Dungeon Crawl Stone Soup version 0.22.0-27-ga576289 (webtiles) character file.

2122 Monsterracer the Twirler (level 9, -3/69 HPs)
             Began as a Formicid Skald on Aug 23, 2018.
             Slain by a skeletal warrior
             ... wielding a cursed -1 dire flail
             ... led by a death knight
              (23 damage)
             ... on level 7 of the Dungeon.
             The game lasted 00:08:09 (6302 turns).

Monsterracer the Twirler (Formicid Skald)           Turns: 6302, Time: 00:08:10

Health: -3/69      AC: 10    Str: 18    XL:     9   Next: 54%
Magic:  21/21      EV: 11    Int: 14    God:
Gold:   341        SH:  0    Dex: 10    Spells: 1/12 levels left

rFire    . . .     SeeInvis +   a - +2 quarterstaff (chaos)
rCold    . . .     Gourm    .   (no shield)
rNeg     . . .     Faith    +   o - +0 ring mail
rPois    .         Spirit   .   (helmet unavailable)
rElec    .         Reflect  .   m - +2 cloak {+Inv}
rCorr    .         Harm     .   e - +0 pair of gloves
MR       .....                  s - +0 pair of boots
Stlth    ..........             n - amulet of faith
HPRegen  0.21/turn              j - ring of magical power
MPRegen  0.17/turn              (no ring)

@: no status effects
A: permanent stasis, dig shafts and tunnels, four strong arms, antennae 3
a: Dig, Shaft Self, Evoke Invisibility


You were on level 7 of the Dungeon.
You were hungry.

You visited 1 branch of the dungeon, and saw 9 of its levels.

You collected 341 gold pieces.

Inventory:

Hand Weapons
 a - a +2 quarterstaff of chaos (weapon)
Armour
 e - a +0 pair of gloves (worn)
 i - a +0 shield
 m - a +2 cloak of invisibility (worn)
 o - a +0 ring mail (worn)
 s - a +0 pair of boots (worn)
Jewellery
 j - a ring of magical power (left hand)
 n - an amulet of faith (around neck)
 q - a cursed amulet of inaccuracy {unknown}
 r - the amulet "Isuinets" {Inacc +Fly}
   (You found it on level 5 of the Dungeon)

   [amulet of inaccuracy]

   It reduces the accuracy of all your attacks.
   It lets you fly.
Wands
 f - a wand of enslavement (9)
Scrolls
 g - a scroll of remove curse
 p - a scroll of fog
Potions
 b - a potion of ambrosia {!q}
 d - a potion of magic {unknown}
 k - a potion of might
 l - a potion of lignification
Comestibles
 c - 10 rations
 h - 5 chunks of flesh


   Skills:
 + Level 6.2 Fighting
   Level 5.2(6.9) Maces & Flails
 * Level 7.1(7.9) Staves
 - Level 1.1 Armour
 - Level 1.7 Dodging
 + Level 4.8 Shields
 - Level 2.1 Spellcasting
 + Level 5.3 Charms


You had one spell level left.
You knew the following spells:

 Your Spells              Type           Power        Failure   Level  Hunger
a - Infusion              Chrm           ###.         4%          1    #......
b - Song of Slaying       Chrm           ###.....     7%          2    ###....
c - Shroud of Golubria    Chrm/Tloc      #.........   22%         2    ###....
d - Spectral Weapon       Hex/Chrm       #.......     38%         3    ###....
j - Regeneration          Chrm/Necr      #.........   38%         3    ###....

Your spell library contained the following spells:

 Spells                   Type           Power        Failure   Level  Hunger


Dungeon Overview and Level Annotations

Branches:
Dungeon (9/15)
 Temple: D:4-7         Lair: D:8-11         Orc: D:9-12

Altars:
Elyvilon
Fedhas
Makhleb
Qazlal
Sif Muna
Trog
Xom
Zin
The Shining One

Annotations:
D:8 Pikel
D:9 Grum


Innate Abilities, Weirdness & Mutations

You cannot be hasted, slowed, berserked, paralysed or teleported.
You can dig through walls and to a lower floor.
Your four strong arms can wield two-handed weapons with a shield.
You have a pair of large antennae on your head. (SInv)


Message History

Found a dented steel amulet.
A worker ant zombie comes into view.
A crimson imp comes into view.
The crimson imp shouts!
You hear a bark!
A jackal comes into view.
The worker ant zombie bites you.
You take 4 damage, and have 56/69 hp.
The worker ant zombie closely misses you.
You see here a dented steel amulet.
q - a dented steel amulet The crimson imp blinks!
The slave closely misses you.
The worker ant zombie bites you but does no damage.
The crimson imp blinks!
A jackal comes into view.
The worker ant zombie closely misses you.
Found 11 gold pieces.
The jackal barely misses you.
Found a short sword.
The worker ant zombie waves its antennae.
The crimson imp blinks!
The jackal completely misses you.
A leopard gecko and an ogre come into view.
The ogre shouts!
The jackal barely misses you. The jackal closely misses you.
The worker ant zombie waves its antennae.
Found 15 gold pieces.
The jackal bites you but does no damage.
The crimson imp blinks!
A centaur comes into view.
The centaur shouts!
The centaur wields a shortbow.
The centaur shoots an arrow.
The arrow closely misses you. The jackal barely misses you.
The centaur shoots an arrow.
The arrow hits you.
You see here an arrow.
You take 4 damage, and have 57/69 hp.
The centaur shoots an arrow.
The arrow hits you but does no damage.
The centaur shoots an arrow.
The arrow hits you!
Found 8 gold pieces.
You see here 2 arrows.
You take 7 damage, and have 50/69 hp.
The jackal barely misses you.
The crimson imp hits you but does no damage.
The jackal bites you but does no damage.
The jackal bites you but does no damage.
Found a white potion.
An adder comes into view.
The adder hisses angrily.
You hear a shout!
An orc comes into view. It is wielding a mace.
Found 13 stones.
Found a stone staircase leading up.
The adder closely misses you.
The centaur shoots an arrow.
The arrow hits you.
The crimson imp blinks!
The jackal bites you but does no damage.
The adder bites you but does no damage.
You take 4 damage, and have 47/69 hp.
The jackal bites you but does no damage.
The adder bites you but does no damage.
The centaur shoots an arrow.
The arrow hits you!
You see here an arrow.
You take 11 damage, and have 36/69 hp.
The centaur unwields an uncursed shortbow.
The centaur hits you.
You take 1 damage, and have 35/69 hp.
The centaur wields an uncursed shortbow.
The centaur shoots an arrow.
The arrow hits you but does no damage.
You see here an arrow.
The centaur shoots an arrow.
The arrow barely misses you. The orc hits you but does no damage.
The centaur shoots an arrow.
The arrow hits you.
* * * LOW HITPOINT WARNING * * *
You see here an arrow.
You take 5 damage, and have 30/69 hp.
The adder bites you but does no damage. x2
There is a stone staircase leading up here.
The adder bites you but does no damage. The orc hits you with a mace.
* * * LOW HITPOINT WARNING * * *
You climb upwards.
The death knight shouts!
A freezing wraith and 2 skeletal warriors come into view.
There is a stone staircase leading down here.
Unknown command.
Unknown command.
Unknown command.
Unknown command.
Unknown command.
Unknown command.
You take 6 damage, and have 24/69 hp.
Unknown command.
Okay, then.
Okay, then.
You sock the adder!
The adder is poisoned.
The adder is almost dead.
The adder closely misses you. The orc closely misses you.
You closely miss the adder.
The adder is almost dead.
You kill the adder!
The skeletal warrior hits you with a flail.
* * * LOW HITPOINT WARNING * * *
The death knight offers itself to Yredelemnul, and fills with unholy energy.
You take 5 damage, and have 20/69 hp.
The skeletal warrior hits you with an enchanted dire flail!!
You die...

#.. #.#
......
..#.#
#.#.#
#.#.#
#...#
####.z#
#..Wo@#
#+#pz>#
#####


You could see a death knight, 2 skeletal warriors, a freezing wraith and an orc.

Vanquished Creatures
  A manticore (D:8)
  Sigmund (D:2)
  Eustachio (D:4)
  An ice beast (D:5)
  A necrophage (D:5)
  2 ogres (D:5)
  A centaur (D:5)
  2 wolves (D:8)
  A scorpion (D:4)
  A howler monkey (D:6)
  A crimson imp (D:5)
  A jelly (D:6)
  3 hounds
  A bullfrog skeleton (D:4)
  An orc priest (D:4)
  7 orc wizards
  Crazy Yiuf (D:2)
  Jessica (D:2)
  2 iguanas
  3 worker ants
  9 adders
  2 shadow imps
  An ooze (D:5)
  2 adder skeletons (D:4)
  3 worms
  A dart slug (D:1)
  6 leopard geckos
  9 orcs
  A ball python (D:4)
  6 goblins
  A hobgoblin (shapeshifter) (D:5)
  10 hobgoblins
  4 jackals (D:1)
  3 quokkas
  7 bats
  4 frilled lizards
  8 kobolds
  4 rats
114 creatures vanquished.

Vanquished Creatures (others)
  A worker ant (D:4)
  A spectral weapon (D:8)
2 creatures vanquished.

Grand Total: 116 creatures vanquished

Notes
Turn   | Place    | Note
-------+----------+-------------------------------------------
     0 | D:1      | Monsterracer the Formicid Skald began the quest for the Orb.
     0 | D:1      | Reached XP level 1. HP: 16/16 MP: 3/3
   250 | D:1      | Reached XP level 2. HP: 21/23 MP: 5/5
   634 | D:1      | Reached XP level 3. HP: 28/28 MP: 6/6
   795 | D:1      | HP: 14/28 [rat (2)]
  1107 | D:2      | Noticed Sigmund
  1133 | D:2      | Killed Sigmund
  1133 | D:2      | Reached XP level 4. HP: 20/37 MP: 0/7
  1133 | D:2      | Reached XP level 5. HP: 23/42 MP: 0/8
  1133 | D:2      | Reached XP level 6. HP: 26/48 MP: 0/9
  1137 | D:2      | Learned a level 2 spell: Song of Slaying
  1141 | D:2      | Learned a level 3 spell: Regeneration
  1144 | D:2      | Learned a level 2 spell: Shroud of Golubria
  1454 | D:2      | Noticed Jessica
  1459 | D:2      | Killed Jessica
  1459 | D:2      | Reached skill level 5 in Maces & Flails
  1999 | D:2      | Found a runed door.
  2187 | D:2      | Found a white marble altar of Elyvilon.
  2187 | D:2      | Found a glowing golden altar of the Shining One.
  2188 | D:2      | Found a glowing silver altar of Zin.
  2303 | D:2      | Noticed Crazy Yiuf
  2309 | D:2      | Killed Crazy Yiuf
  2781 | D:3      | Found a blossoming altar of Fedhas.
  2789 | D:3      | Found a bloodstained altar of Trog.
  3169 | D:3      | Reached skill level 1 in Staves
  3398 | D:4      | Reached skill level 2 in Staves
  3568 | D:4      | Reached XP level 7. HP: 54/54 MP: 10/10
  3658 | D:4      | Reached skill level 3 in Staves
  3746 | D:4      | Reached skill level 4 in Staves
  3751 | D:4      | Reached skill level 1 in Shields
  3835 | D:4      | Found a deep blue altar of Sif Muna.
  3938 | D:4      | Found a deep blue altar of Sif Muna.
  4185 | D:4      | Reached XP level 8. HP: 61/61 MP: 11/11
  4246 | D:4      | Noticed Eustachio
  4261 | D:4      | Killed Eustachio
  4329 | D:5      | Entered Level 5 of the Dungeon
  4346 | D:5      | Found a stormy altar of Qazlal.
  4403 | D:5      | Found a shimmering altar of Xom.
  4442 | D:5      | Reached skill level 5 in Fighting
  4442 | D:5      | Reached skill level 5 in Staves
  5060 | D:5      | Got a vibrating crystal amulet
  5124 | D:5      | Identified the amulet "Isuinets" {Inacc +Fly} (You found it on level 5 of the Dungeon)
  5140 | D:5      | Reached skill level 6 in Staves
  5140 | D:5      | Reached XP level 9. HP: 65/66 MP: 12/12
  5145 | D:5      | Learned a level 3 spell: Spectral Weapon
  5341 | D:5      | Found a burning altar of Makhleb.
  5690 | D:6      | You fall through a shaft for 3 floors!
  5690 | D:9      | Noticed Grum
  5710 | D:8      | HP: 29/67 [wolf[Grum] (5)]
  5719 | D:8      | HP: 30/67 [wolf[Grum] (1)]
  5724 | D:8      | HP: 14/67 [wolf[Grum] (5)]
  5733 | D:8      | HP: 3/69 [wolf[Grum] (10)]
  5737 | D:8      | Reached skill level 5 in Charms
  6027 | D:8      | Noticed a manticore
  6075 | D:8      | Killed a manticore
  6075 | D:8      | Reached skill level 7 in Staves
  6201 | D:8      | Noticed Pikel
  6295 | D:8      | HP: 30/69 [centaur/arrow (6)]
  6299 | D:7      | Noticed a death knight
  6299 | D:7      | Noticed a skeletal warrior
  6299 | D:7      | Noticed a freezing wraith
  6299 | D:7      | Noticed a skeletal warrior
  6301 | D:7      | HP: 20/69 [skeletal warrior/flail[a death knight] (5)]
  6302 | D:7      | Slain by a skeletal warrior

Skill      XL: |  1  2  3  4  5  6  7  8  9 |
---------------+----------------------------+-----
Maces & Flails | 4 5 |  5.2
Fighting       | 4 5 6 |  6.2
Staves         | 2 4 6 7 |  7.1
Shields        | 1 3 4 |  4.8
Charms         | 4 5 |  5.3
Armour         | |  1.1
Dodging        | |  1.7
Spellcasting   | |  2.1

Action                   |  1- 3 |  4- 6 |  7- 9 || total
-------------------------+-------+-------+-------++-------
Melee: Mace              |    81 |    57 |       ||   138
       Quarterstaff      |       |    30 |   255 ||   285
 Cast: Infusion          |     7 |     9 |     9 ||    25
       Shroud of Golubri |       |     2 |     3 ||     5
       Spectral Weapon   |       |       |     1 ||     1
  Use: Scroll            |       |     7 |     4 ||    11
       Potion            |       |       |     3 ||     3
 Stab: Distracted        |       |     1 |       ||     1
       Petrifying        |       |       |     2 ||     2
       Paralysed         |       |       |     3 ||     3
  Eat: Chunk             |     1 |     7 |    10 ||    18
Armor: Leather armour    |    16 |    28 |       ||    44
       Ring mail         |       |     8 |    96 ||   104
       Skin              |       |       |     3 ||     3
Dodge: Dodged            |    49 |    62 |   150 ||   261

Vault maps used:
D:1:      sevenhm_arrival_forest_fort_small_6, minmay_fountain_box,
          minmay_misc_feat_encased
D:2:      good_gods_mini_temple, uniq_crazy_yiuf_cottage, uniq_sigmund,
          uniq_jessica
D:3:      grunt_temple_overflow_open, first_ration, minmay_misc_feat_hallway
D:4:      old_standard_altar, led_sif_pool, uniq_eustachio
D:5:      lightli_temple_of_fire, old_standard_altar, basic_altar
D:6:      kennysheep_little_box, lemuel_coloured_pillars_altar, basic_altar,
          minmay_misc_feat_alley, hangedman_abyss_or_decor_lesser_grid
D:7:      kennysheep_mini, minmay_temple_entry_crystal_x
D:8:      lemuel_crystal_altar, the_bakery, uniq_pikel
D:9:      uniq_erolcha, uniq_grum, uniq_prince_ribbit1
